 Dungeon Crawl Stone Soup version 0.24-a0-459-g225fefd530 (webtiles) character file.

Game seed: 2299185838452366979

3003 ivs the Skirmisher (level 9, 49/49 HPs)
             Began as a Vine Stalker Transmuter on June 29, 2019.
             Was a Follower of Ru.
             Got out of the dungeon alive.
             The game lasted 00:44:54 (3739 turns).

ivs the Skirmisher (Vine Stalker Transmuter)        Turns: 3739, Time: 00:44:55

Health: 49/49      AC:  9    Str: 15    XL:     9   Next: 84%
Magic:  13/13      EV: 16    Int: 13    God:    Ru [*.....]
Gold:   303        SH:  0    Dex: 16    Spells: 2/12 levels left

rFire    + . .     SeeInvis .   a - +2 whip (elec)
rCold    . . .     Gourm    .   (no shield)
rNeg     . . .     Faith    +   y - +3 leather armour {rF+}
rPois    .         Spirit   +   o - +1 helmet
rElec    .         Reflect  .   (no cloak)
rCorr    .         Harm     .   z - +0 pair of gloves (curse)
MR       +....                  (no boots)
Stlth    ++........             H - amulet of faith
HPRegen  0.56/turn              W - ring of wizardry
MPRegen  0.13/turn              E - +2 ring of evasion

@: no status effects
A: fangs 3, regeneration 1, magic shield, antimagic bite, no potion heal 3, rot
immunity, no charms magic, no fire magic, no necromancy magic
a: Renounce Religion


You escaped.
You worshipped Ru.
Ru was aware of your devotion.
You were not hungry.

You visited 2 branches of the dungeon, and saw 10 of its levels.

You collected 303 gold pieces.

Inventory:

Hand Weapons
 a - a +2 whip of electrocution (weapon)
 b - a +2 dagger of distortion
 w - a -3 mace of holy wrath
Missiles
 f - 7 curare-tipped darts (quivered)
 j - 72 arrows
 r - 12 poisoned darts
Armour
 o - a +1 helmet (worn)
 q - a +0 pair of boots
 y - a +3 leather armour of fire resistance (worn)
 z - a cursed +0 pair of gloves (worn)
 D - a +1 robe of magic resistance
Jewellery
 E - a +2 ring of evasion (right hand)
 H - an amulet of faith (around neck)
 L - an uncursed ring of flight
 W - a ring of wizardry (left hand)
 X - a cursed amulet of inaccuracy {unknown}
Wands
 i - a wand of polymorph (9)
 G - a wand of iceblast (7)
Scrolls
 g - 3 scrolls of enchant weapon
 h - 2 scrolls of magic mapping
 k - 5 scrolls of fog
 l - 2 scrolls of fear
 n - 2 scrolls of teleportation {unknown}
 u - 2 scrolls of remove curse
 C - a scroll of holy word {unknown}
 F - a scroll of noise {unknown}
Potions
 c - 3 potions of might
 e - a potion of agility {unknown}
 m - a potion of curing {unknown}
 p - a potion of cancellation {unknown}
 s - a potion of brilliance {unknown}
 t - a potion of degeneration {unknown}
 v - 3 potions of lignification {unknown}
 B - a potion of invisibility {unknown}
Comestibles
 d - 10 rations


   Skills:
 + Level 6.7 Fighting
 + Level 6.6 Maces & Flails
 - Level 1.0 Throwing
 + Level 4.1 Dodging
 - Level 1.0 Stealth
 - Level 3.2 Unarmed Combat
 - Level 2.1 Spellcasting
 + Level 4.6 Transmutations
 - Level 3.1 Ice Magic
 - Level 3.0 Poison Magic


You had 2 spell levels left.
You knew the following spells:

 Your Spells              Type           Power        Failure   Level  Hunger
a - Beastly Appendage     Tmut           ##....       1%          1    ##.....
b - Ice Form              Ice/Tmut       ##......     24%         4    #####..
p - Spider Form           Tmut/Pois      ##........   8%          3    ####...
s - Sticks to Snakes      Tmut           ##......     2%          2    ###....

Your spell library contained the following spells:

 Spells                   Type           Power        Failure   Level  Hunger
 Ensorcelled Hibernation  Hex/Ice        #.....       10%         2    ###....
 Corona                   Hex            #......      12%         1    ##.....
 Confuse                  Hex            #.......     34%         3    ####...
 Dazzling Spray           Conj/Hex       #.....       34%         3    ####...
 Tukima's Dance           Hex            #.......     34%         3    ####...
 Blade Hands              Tmut           ##........   43%         5    ######.
 Animate Skeleton         Necr           Unusable     N/A         1    N/A
 Pain                     Necr           Unusable     N/A         1    N/A
 Regeneration             Chrm/Necr      Unusable     N/A         3    N/A
 Vampiric Draining        Necr           Unusable     N/A         3    N/A
 Animate Dead             Necr           Unusable     N/A         4    N/A

Dungeon Overview and Level Annotations

Branches:
Dungeon (9/15)             Temple (1/1) D:5
   Lair: D:8-11         Orc: D:9-12

Altars:
Ashenzari
Cheibriados
Dithmenos
Elyvilon
Fedhas
Gozag
Hepliaklqana
Kikubaaqudgha
Nemelex Xobeh
Okawaru
Qazlal
Ru
Trog
Uskayaw
Vehumet
Wu Jian
Xom
Yredelemnul
The Shining One

Annotations:
D:3 2 runed translucent doors, drasked's ghost, amateur DEFE
D:4 2 transporters, DrClinical's ghost, amateur DsWr
D:7 1 runed translucent door


Innate Abilities, Weirdness & Mutations

You have razor-sharp teeth.
Your natural rate of healing is unusually fast.
When hurt, damage is shared between your health and your magic reserves.
Your bite disrupts and absorbs the magic of your enemies.
Potions cannot restore your health.
You are immune to rotting.
You cannot study or cast Charms magic.
You cannot study or cast Fire magic.
You cannot study or cast Necromancy magic.


Message History

Level annotation: 2 transporters, DrClinical's ghost, amateur DsWr
There is a stone staircase leading down here.
There is a stone staircase leading up here.
You climb upwards.
Level annotation: 2 runed translucent doors, drasked's ghost, amateur DEFE
Found a fizzy grey potion.
There is a stone staircase leading down here.
There is a stone staircase leading up here.
You climb upwards.
There is a stone staircase leading down here.
There is a stone staircase leading up here.
You climb upwards.
There is a stone staircase leading down here.
There is a staircase leading out of the dungeon here.
Are you sure you want to leave the Dungeon?
This will make you lose the game!
Alright, then stay!
Are you sure you want to leave the Dungeon?
This will make you lose the game!
Alright, then stay!
Are you sure you want to leave the Dungeon?
This will make you lose the game!
You have escaped!

.....##.............#.#
.....#...###...###....#
.....#...#>......#....#
.....#...#.......#(...#
##'####............)#
.....##......#......#
.....##.............#
.........#.......#....#
.........#......@#....#
.....#...###...### ...#
.....##......... .#.#
.....##......... #.#
.....####...###. #
###### ..### ## .## ##
..


There were no monsters in sight!

Vanquished Creatures
  The ghost of forest the Covert, a novice SpAs of Dithmenos (D:6)
  3 slime creatures (D:8)
  Eustachio (D:6)
  Menkaure (D:6)
  A sky beast (D:5)
  An ice beast (D:5)
  A phantom (D:6)
  3 ogres
  A centaur (D:5)
  A big kobold (D:6)
  2 bullfrogs (D:6)
  3 scorpions
  2 howler monkeys
  3 crimson imps
  3 hounds
  5 orc priests
  A centaur skeleton (D:7)
  6 orc wizards
  A bullfrog skeleton (D:5)
  Ijyb (D:5)
  2 iguanas
  4 worker ants
  A hound skeleton (D:5)
  Robin (D:2)
  A howler monkey skeleton (D:6)
  5 adders
  2 oozes
  A worm (D:2)
  2 leopard geckos
  14 orcs
  5 giant cockroaches
  6 goblins
  13 hobgoblins
  20 jackals
  2 quokkas
  9 bats
  4 frilled lizards
  9 kobolds
  7 rats
149 creatures vanquished.

Vanquished Creatures (others)
  3 fungi (D:9)
3 creatures vanquished.

Grand Total: 152 creatures vanquished

Notes
Turn   | Place    | Note
-------+----------+-------------------------------------------
     0 | D:1      | ivs the Vine Stalker Transmuter began the quest for the
                  | Orb.
     0 | D:1      | Reached XP level 1. HP: 9/9 MP: 4/4
    10 | D:1      | Reached skill level 1 in Fighting
   188 | D:1      | Reached XP level 2. HP: 15/15 MP: 4/6
   414 | D:2      | Reached skill level 1 in Throwing
   438 | D:2      | Reached XP level 3. HP: 14/18 MP: 7/7
   452 | D:2      | Learned a level 2 spell: Sticks to Snakes
   548 | D:2      | Reached skill level 1 in Stealth
   619 | D:3      | Found a runed translucent door.
   621 | D:3      | Noticed drasked's ghost (amateur DEFE)
   663 | D:3      | Found an ornate altar of the Wu Jian Council.
   834 | D:2      | Noticed Robin
   840 | D:2      | Killed Robin
   840 | D:2      | Gained mutation: Your natural rate of healing is unusually
                  | fast. [Vine Stalker growth]
   840 | D:2      | Reached XP level 4. HP: 19/23 MP: 4/8
  1047 | D:3      | Found a runed translucent door.
  1091 | D:4      | Reached XP level 5. HP: 28/28 MP: 6/9
  1096 | D:4      | Learned a level 3 spell: Spider Form
  1105 | D:4      | Reached skill level 1 in Poison Magic
  1175 | D:4      | Found a transporter.
  1176 | D:4      | Found a transporter.
  1176 | D:4      | Noticed an ogre
  1177 | D:4      | Noticed DrClinical's ghost (amateur DsWr)
  1200 | D:4      | Noticed an ogre
  1314 | D:4      | Reached XP level 6. HP: 32/32 MP: 6/10
  1485 | D:5      | Entered Level 5 of the Dungeon
  1559 | D:5      | Reached skill level 1 in Maces & Flails
  1672 | D:5      | Noticed a sky beast
  1693 | D:5      | Killed a sky beast
  1771 | D:5      | Reached XP level 7. HP: 34/36 MP: 9/11
  1902 | D:5      | Noticed Ijyb
  1914 | D:5      | Killed Ijyb
  1985 | D:5      | Found a staircase to the Ecumenical Temple.
  2080 | Temple   | Entered the Ecumenical Temple
  2170 | Temple   | Became a worshipper of Ru the Awakened
  2323 | D:5      | Gained mutation: You have razor-sharp teeth. [Vine Stalker
                  | growth]
  2323 | D:5      | Reached XP level 8. HP: 21/42 MP: 4/12
  2405 | D:6      | Reached skill level 5 in Fighting
  2442 | D:6      | Reached skill level 5 in Maces & Flails
  2638 | D:7      | Learned a level 4 spell: Ice Form
  2706 | D:6      | Noticed Menkaure
  2710 | D:6      | Killed Menkaure
  2711 | D:6      | Noticed Eustachio
  2731 | D:7      | Reached skill level 1 in Ice Magic
  2807 | D:7      | Found a glowing golden altar of the Shining One.
  2807 | D:7      | Found a runed translucent door.
  2807 | D:7      | Noticed an angel
  2878 | D:6      | Reached XP level 9. HP: 45/48 MP: 11/13
  2921 | D:6      | Killed Eustachio
  2942 | D:6      | Found an iron altar of Okawaru.
  3002 | D:6      | Found a runed translucent door.
  3008 | D:6      | Noticed forest's ghost (novice SpAs)
  3029 | D:6      | Gained mutation: You cannot study or cast Fire magic. [Ru
                  | sacrifice]
  3029 | D:6      | Gained mutation: You cannot study or cast Necromancy magic.
                  | [Ru sacrifice]
  3029 | D:6      | Gained mutation: You cannot study or cast Charms magic. [Ru
                  | sacrifice]
  3029 | D:6      | Reached * piety under Ru
  3038 | D:6      | Killed forest's ghost
  3237 | D:8      | Found a white marble altar of Elyvilon.
  3434 | D:8      | HP: 1/49 [slime creature (14)]
  3445 | D:9      | HP: 2/49 [adder (2)]
  3739 | D:$      | Got out of the dungeon alive.

Levels and vault maps discovered:
D:1:      minmay_arrival_open_corners, layout_basic, minmay_split_cup_small
D:2:      layout_basic, lemuel_coloured_pillars_altar, lemuel_doored_altar,
          uniq_sigmund, uniq_robin, uniq_terence
D:3:      layout_loops_ring, old_standard_altar, ebering_ghost_sewer_f,
          lightli_corner_chamber
D:4:      layout_layer_cave, gammafunk_ghost_smash
D:5:      old_forge, layout_loops_ring, minmay_temple_entry_mini_moons,
          first_ration, uniq_ijyb
D:6:      layout_cave_pools, okawaru_ov_weapons_minmay, ebering_ghost_sewer_d,
          uniq_menkaure, uniq_eustachio
D:7:      layout_loops_corners, lemuel_angel_altar
D:8:      layout_basic, led_sif_book, hangedman_pestilent_swarm,
          elyvilon_altar_4, uniq_joseph
D:9:      layout_small_grid, due_lair_maze_entry_diamond, david_orc_1_choice
Temple:   minmay_crystal_spiral_temple

Skill      XL: |  1  2  3  4  5  6  7  8  9 |
---------------+----------------------------+-----
Fighting       | 1 2 3 4 5 6 |  6.7
Throwing       | 1 |  1.0
Stealth        | 1 |  1.0
Transmutations | 3 4 |  4.6
Poison Magic   | 2 3 |  3.0
Maces & Flails | 3 4 5 6 |  6.6
Dodging        | 2 4 |  4.1
Ice Magic      | 1 3 |  3.1
Unarmed Combat | |  3.2
Spellcasting   | |  2.1

Action                   |  1- 3 |  4- 6 |  7- 9 || total
-------------------------+-------+-------+-------++-------
Melee: Unarmed           |   102 |    50 |    41 ||   193
       Bite              |    17 |    21 |    46 ||    84
       Headbutt          |    14 |     1 |       ||    15
       Kick              |     9 |    12 |    15 ||    36
       Punch             |     2 |       |     4 ||     6
       Whip              |       |    42 |   199 ||   241
Throw: Dart              |     2 |     3 |    13 ||    18
 Cast: Beastly Appendage |    24 |    11 |    12 ||    47
       Spider Form       |       |     2 |     5 ||     7
Invok: Sacrifice Arcana  |       |       |     1 ||     1
Evoke: Wand              |       |       |     2 ||     2
  Use: Scroll            |       |     6 |     2 ||     8
       Potion            |       |       |     2 ||     2
 Stab: Sleeping          |       |     1 |     1 ||     2
  Eat: Chunk             |       |     4 |     8 ||    12
Armor: Robe              |    15 |     3 |       ||    18
       Skin              |       |     1 |     1 ||     2
       Scale mail        |       |    20 |     1 ||    21
       Leather armour    |       |       |    47 ||    47
Dodge: Dodged            |    54 |    40 |   137 ||   231

Table legend:
 A = Non-vault XP
 B = Vault XP
 C = Vault XP percentage of total XP
 D = Non-vault monster count
 E = Vault monster count
 F = Vault count percentage of total count
                 A         B        C        D         E       F
            +---------+---------+-------+---------+---------+-------
      Total |    3138 |    1153 |  26.9 |     120 |      29 |  19.5
            +---------+---------+-------+---------+---------+-------
        D:1 |      14 |       4 |  22.2 |       9 |       3 |  25.0
        D:2 |      29 |      34 |  54.0 |      16 |      11 |  40.7
        D:3 |      33 |       0 |   0.0 |      15 |       0 |   0.0
        D:4 |     209 |       0 |   0.0 |       6 |       0 |   0.0
        D:5 |     798 |     143 |  15.2 |      23 |       9 |  28.1
        D:6 |     801 |     972 |  54.8 |      32 |       6 |  15.8
        D:7 |     517 |       0 |   0.0 |      13 |       0 |   0.0
        D:8 |     685 |       0 |   0.0 |       3 |       0 |   0.0
        D:9 |      52 |       0 |   0.0 |       3 |       0 |   0.0
            +---------+---------+-------+---------+---------+-------
